Map: Аура смерти РВ

Players

DieMauer - Winner!

  • Race: Terran Terran
  • League: Diamond
  • Spawn Location: 11:00

Smiddo

  • Race: Zerg Zerg
  • League: Diamond
  • Spawn Location: 5:00

VOD

Have the link to the VOD?

Description

Time

  • Played on: Oct. 2, 2020, 12:57 p.m.
  • Length: 11:05
Show
View Real Time Build Order
Export as new Build Order

DieMauer Terran - Winner!

Build Orders: Reaper Expand, Banshee Rush 

Get SALT Encoding   

  12  0:00  SCV  
  13  0:12  SCV  
  14  0:17  Supply Depot  
  14  0:24  SCV  
  15  0:38  SCV  
  15  0:40  Barracks  
  16  0:43  Refinery  
  16  0:50  SCV  
  17  1:02  SCV  
  18  1:15  SCV  
  19  1:27  Orbital Command, Reaper  
  20  1:38  Command Center  
  20  1:47  Supply Depot  
  20  1:53  SCV  
  21  1:59  Marine  
  22  2:05  SCV  
  22  2:07  Factory  
  23  2:12  Refinery  
  23  2:17  SCV  
  24  2:28  Barracks Reactor  
  24  2:29  SCV  
  25  2:46  SCV  
  26  2:52  Orbital Command  
  26  2:55  Starport  
  26  2:59  SCV  
  27  3:07  Hellion x2  
  27  3:11  SCV  
  32  3:12  Barracks Tech Lab  
  32  3:18  Supply Depot  
  32  3:19  SCV  
  33  3:23  SCV  
  34  3:29  Hellion x2  
  37  3:36  SCV x2  
  37  3:38  Cloaking Field, Banshee  
  42  3:43  Supply Depot  
  42  3:45  Barracks Tech Lab  
  42  3:48  SCV  
  42  3:49  Refinery, SCV  
  44  4:01  SCV  
  45  4:04  Stimpack, Marine  
  45  4:05  SCV  
  45  4:09  Supply Depot  
  47  4:13  Factory Reactor, SCV  
  48  4:17  SCV  
  48  4:19  Barracks  
  48  4:20  Barracks  
  48  4:22  Marine  
  50  4:24  Banshee  
  50  4:28  SCV  
  54  4:31  Engineering Bay  
  54  4:34  SCV  
  54  4:38  Supply Depot  
  55  4:40  Marine  
  55  4:44  SCV  
  57  4:46  SCV  
  58  4:56  Supply Depot, SCV  
  58  4:58  SCV  
  60  5:06  Marine x3  
  63  5:07  Terran Infantry Weapons Level 1  
  63  5:10  SCV  
  63  5:12  Supply Depot  
  64  5:15  Marine x2  
  64  5:17  Starport Reactor, Siege Tank  
  69  5:22  SCV  
  69  5:24  Marine x2  
  69  5:26  Supply Depot  
  72  5:29  Marine  
  72  5:33  Marine x2  
  72  5:35  Supply Depot x2  
  75  5:36  SCV  
  75  5:42  Marine x2  
  75  5:46  Combat Shield  
  75  5:47  SCV, Marine  
  77  5:50  Siege Tank, Marine  
  77  5:51  Marine  
  77  5:56  Medivac x2  
  86  6:00  Marine  
  86  6:02  Marine  
  88  6:05  Marine  
  88  6:09  Supply Depot  
  88  6:10  Supply Depot, Marine x2  
  91  6:17  Marine  
  92  6:20  Marine  
  92  6:23  Marine  
  94  6:25  Command Center  
  94  6:28  Medivac  
  94  6:32  Siege Tank  
  99  6:36  Supply Depot  
  99  6:38  Medivac  
  101  6:46  Marine x5  
  106  7:04  Marine x5  
  108  7:21  Medivac  
  108  7:22  Medivac, Marine x5  
  108  7:23  Siege Tank  
  108  7:27  Terran Infantry Armor Level 1  
  108  7:37  Supply Depot  
  108  7:38  Supply Depot  
  108  7:39  Refinery, Marine, Barracks x2  
  94  8:06  Orbital Command  
  94  8:11  Siege Tank, Marine  
  94  8:12  Marine x4  
  102  8:13  Engineering Bay  
  102  8:14  Armory  
  102  8:20  Medivac  
  102  8:21  Orbital Command  
  102  8:26  SCV x2, Barracks Reactor x2  
  106  8:29  Marine x5  
  111  8:39  SCV x2  
  113  8:47  Marine x5  
  115  8:51  SCV  
  107  8:56  Siege Tank  
  107  9:02  Marine  
  107  9:05  Marine x5  
  111  9:17  Marine  
  111  9:18  Medivac  
  111  9:19  Medivac, SCV x3  
  111  9:23  Marine x5  
  124  9:26  Supply Depot  
  124  9:28  Siege Tank  
  127  9:36  Marine x4  
  128  9:41  Marine x5  
  133  9:46  SCV x3  
  136  9:54  Marine  
  136  9:56  Refinery  
  136  9:57  Refinery  
  136  9:58  SCV x2  
  139  10:04  Barracks x2  
  139  10:05  Barracks  
  139  10:23  Marine x9  
  142  10:41  Marine x9  
Show
View Real Time Build Order
Export as new Build Order

Smiddo Zerg 

Build Orders: Hatch First 

Get SALT Encoding   

  12  0:00  Drone  
  13  0:12  Overlord  
  13  0:17  Drone  
  14  0:30  Drone x2  
  16  0:48  Hatchery  
  15  0:52  Drone  
  15  0:56  Drone  
  17  1:00  Drone  
  18  1:11  Extractor  
  17  1:15  Spawning Pool  
  17  1:18  Drone  
  17  1:21  Drone  
  18  1:28  Drone  
  19  1:38  Drone  
  20  1:49  Overlord  
  20  2:01  Queen x2  
  20  2:03  Zergling x4  
  26  2:10  Drone  
  26  2:11  Drone  
  26  2:15  Metabolic Boost  
  29  2:22  Drone  
  29  2:23  Drone  
  30  2:36  Spore Crawler  
  29  2:40  Drone x2  
  32  2:47  Hatchery  
  32  2:48  Overlord  
  31  3:06  Overlord  
  31  3:08  Queen  
  31  3:09  Drone x2  
  31  3:10  Drone  
  36  3:18  Overlord  
  36  3:23  Queen  
  38  3:30  Drone  
  38  3:31  Drone x5  
  43  3:44  Drone x4  
  43  3:46  Queen  
  49  3:57  Zergling x4  
  49  3:59  Overlord x2  
  51  4:04  Lair  
  51  4:13  Drone x3, Overlord x2  
  54  4:20  Extractor  
  54  4:21  Extractor, Queen  
  54  4:22  Spore Crawler  
  53  4:24  Spore Crawler  
  52  4:34  Baneling Nest  
  52  4:35  Drone x2  
  52  4:36  Drone x3  
  55  4:47  Drone x3  
  55  4:50  Zergling x10  
  61  5:08  Queen  
  61  5:12  Overseer  
  61  5:26  Drone  
  61  5:27  Drone x11  
  73  5:30  Pneumatized Carapace  
  73  5:41  Drone x2  
  73  5:42  Drone x2  
  76  5:44  Extractor  
  76  5:45  Spore Crawler  
  76  5:46  Extractor  
  73  5:51  Centrifical Hooks  
  73  5:53  Drone x3, Hydralisk Den  
  73  5:54  Drone  
  74  6:09  Zergling x2  
  74  6:10  Zergling x16  
  82  6:24  Drone x7  
  89  6:26  Overlord, Muscular Augments  
  89  6:27  Overlord  
  89  6:43  Overlord x4  
  89  6:49  Baneling  
  89  6:50  Baneling x5  
  89  6:52  Zergling x8  
  93  7:01  Hydralisk  
  93  7:02  Hydralisk x9  
  110  7:15  Zergling x8  
  94  7:26  Zergling x6  
  89  7:37  Zergling x4  
  89  7:39  Baneling x6  
  89  7:51  Zergling x6  
  77  8:05  Hydralisk x7  
  90  8:15  Hatchery  
  89  8:20  Drone  
  90  8:30  Baneling  
  90  8:31  Extractor, Baneling x7  
  90  8:32  Drone x3  
  90  8:33  Drone  
  93  8:44  Zergling x8  
  85  8:57  Zergling x10  
  85  9:01  Hydralisk  
  89  9:04  Baneling x6  
  89  9:05  Baneling x3  
  87  9:19  Zergling x12  
  90  9:30  Zergling x4  
  85  9:38  Hatchery  
  80  9:54  Baneling x8  
  80  9:55  Baneling  
  80  9:59  Hatchery  
  79  10:02  Zergling x12  
  79  10:04  Queen  
  87  10:08  Hatchery  
  83  10:25  Zergling x12  
  74  10:37  Zergling x6  
  74  10:38  Zergling x6  
Tags
 
Add a new tag
Caveats
  • Supply blocks, unpowered buildings, or Contaminate may cause inaccurate times.
  • Supply counts are checked every 10 seconds.